 Dungeon Crawl Stone Soup version 0.28.0-53-g5a82cb258f (webtiles) character file.

Game seed: 9652161209135793321

233 Legadrian the Skirmisher (level 6, 0/79 HPs)
             Began as a Human Berserker on July 2, 2022.
             Was a Believer of Trog.
             Succumbed to a scorpion's poison
             ... in an ossuary.
             The game lasted 00:08:12 (1732 turns).

Legadrian the Skirmisher (Human Berserker)          Turns: 1732, Time: 00:08:13

Health: 0/79       AC:  2    Str: 19    XL:     6   Next: 25%
Magic:  6/6        EV: 16    Int:  7    God:    Trog [**....]
Gold:   47         SH:  0    Dex: 13    Spells: 5/5 levels left

rFire   . . .      SeeInvis .   o - +1 hand axe (freeze)
rCold   . . .      Faith    .   (no shield)
rNeg    . . .      Spirit   .   a - +0 animal skin
rPois   .          Reflect  .   (no helmet)
rElec   .          Harm     .   (no cloak)
rCorr   .          Rampage  .   (no gloves)
Will    .....                   (no boots)
Stlth   ..........              (no amulet)
HPRegen 0.23/turn               k - +4 ring of evasion
MPRegen 0.10/turn               (no ring)

@: berserking (expiring), lethally poisoned (0 -> -1), very quick
A: no striking features
a: Renounce Religion, Berserk, Trog's Hand


You were in an ossuary.
You worshipped Trog.
Trog was pleased with you.
You visited 1 branch of the dungeon, and saw 5 of its levels.
You also visited: Ossuary.

You collected 47 gold pieces.

Inventory:

Hand Weapons
 i - a +2 dagger of venom
 o - a +1 hand axe of freezing (weapon)
Missiles
 c - 5 poisoned darts (quivered)
Armour
 a - a +0 animal skin (worn)
 f - a +0 chain mail
Jewellery
 k - a +4 ring of evasion (left hand)
Scrolls
 d - a scroll of noise {unknown}
 h - a scroll of immolation {unknown}
 m - a scroll of teleportation {unknown}
 n - a scroll of identify {unknown}
Potions
 b - a potion of mutation {unknown}
 e - a potion of might {unknown}
 g - a potion of berserk rage {unknown}
 j - a potion of magic {unknown}
 l - a potion of invisibility {unknown}


   Skills:
 + Level 6.5 Fighting
 - Level 2.0 Armour
 - Level 2.0 Dodging
 - Level 3.0 Unarmed Combat


You had 5 spell levels left.
You didn't know any spells.
Your spell library was empty.

Dungeon Overview and Level Annotations

Branches:
Dungeon (5/15)            Ossuary (1/1)
 Temple: D:4-7

Altars:


Message History

The scorpion stings you! The scorpion stings you.
A red film seems to cover your vision as you go berserk!
You feel yourself moving faster!
You feel mighty! The scorpion barely misses you.
You barely miss the scorpion.
The scorpion is moderately wounded.
The scorpion stings you.
* * * LOW HITPOINT WARNING * * *
You are poisoned.
The scorpion poisons you!
You slash the scorpion! You freeze the scorpion.
The scorpion is severely wounded.
You feel sick. The scorpion stings you!
* * * LOW HITPOINT WARNING * * *
You closely miss the scorpion. You punch the scorpion.
You kill the scorpion!
Trog accepts your kill.
You feel sick.
You have reached level 6!
You hit the scorpion zombie but do no damage.
The scorpion zombie is moderately damaged.
You feel sick. The scorpion zombie barely misses you.
You slash the scorpion zombie!
The scorpion zombie is heavily damaged.
You feel sick.
The scorpion zombie hits you but does no damage.
You barely miss the scorpion zombie.
The scorpion zombie is heavily damaged.
You feel sick. The scorpion zombie closely misses you.
You completely miss the scorpion zombie.
The scorpion zombie is heavily damaged.
You feel sick. The scorpion zombie closely misses you.
You are too berserk!
You barely miss the scorpion zombie.
The scorpion zombie is heavily damaged.
You feel sick. The scorpion zombie hits you.
* * * LOW HITPOINT WARNING * * *
You hit the scorpion zombie.
The scorpion zombie is severely damaged.
You die...

...#...# ...8...#
.......#
##############8...8##
#...#...#...#.......
#.∩.'†..8...#...8.
#...#.......#...#
##'###8...8###Z######
#...#.......#.@.#M!?#
#.∩.#...8...'...#!..+
#...#...#...#...#!?!#
#####################


You could see a mummy and a scorpion zombie.

Vanquished Creatures
  2 scorpions (Ossuary)
  Terence (D:2)
  An orc wizard (D:4)
  An adder (D:2)
  2 dart slugs (D:1)
  2 orcs (D:4)
  4 bats
  3 endoplasms (D:1)
  2 giant cockroaches
  8 goblins (D:1)
  3 hobgoblins
  3 jackals (D:1)
  2 ball pythons (D:2)
  3 frilled lizards
  A goblin zombie (Ossuary)
  2 kobolds (D:1)
  A quokka zombie (D:5)
  6 rats
  A rat zombie (D:5)
48 creatures vanquished.

Vanquished Creatures (others)
  5 fungi (D:4)
5 creatures vanquished.

Grand Total: 53 creatures vanquished

Notes
Turn   | Place    | Note
-------+----------+-------------------------------------------
     0 | D:1      | Legadrian the Human Berserker began the quest for the Orb.
     0 | D:1      | Reached XP level 1. HP: 18/18 MP: 1/1
    44 | D:1      | Reached XP level 2. HP: 11/24 MP: 2/2
   576 | D:1      | Reached skill level 4 in Fighting
   576 | D:1      | Reached XP level 3. HP: 30/30 MP: 3/3
   719 | D:2      | Reached ** piety under Trog
   866 | D:2      | Noticed Terence
   878 | D:2      | Killed Terence
   879 | D:2      | Reached XP level 4. HP: 38/38 MP: 4/4
  1237 | D:1      | Reached skill level 5 in Fighting
  1405 | D:2      | Found a faded altar of an unknown god.
  1442 | D:4      | Reached XP level 5. HP: 29/44 MP: 5/5
  1602 | D:5      | Entered Level 5 of the Dungeon
  1606 | D:5      | Found a sand-covered staircase.
  1628 | D:5      | Noticed a water moccasin
  1631 | Ossuary  | Entered an ossuary
  1651 | Ossuary  | Reached skill level 6 in Fighting
  1727 | Ossuary  | Reached XP level 6. HP: 9/53 MP: 6/6
  1731 | Ossuary  | HP: 1/79 [scorpion zombie (4)]
  1732 | Ossuary  | Succumbed to a scorpion's poison

Illustrated notes

Levels and vault maps discovered:
D:1:      shiori_arrival_oz, layout_basic, kennysheep_another_room
D:2:      layout_rooms, hellmonk_ecumenical_altar_run_dry, uniq_sigmund,
          uniq_terence
D:3:      minmay_angry_zag, layout_loops_cross, nicolae_overflow_crystal_walls,
          uniq_crazy_yiuf_cottage
D:4:      minmay_polygon_palace, layout_loops_ring, lemuel_tele_altar,
          mainiacjoe_overflow_alcove_4, tso_altar, uniq_edmund
D:5:      layout_rooms, grunt_qazlal_clouds, enter_ossuary_4
Ossuary:  ossuary_minmay_scorpions

Skill      XL: |  1  2  3  4  5 |
---------------+----------------+-----
Fighting       | 4 5 6 |  6.5
Armour         | |  2.0
Dodging        | |  2.0
Unarmed Combat | |  3.0

Action                   |  1- 3 |  4- 6 || total
-------------------------+-------+-------++-------
Melee: Unarmed           |    57 |    28 ||    85
       Punch             |     1 |     4 ||     5
       Dagger            |       |    43 ||    43
       Hand axe          |       |    18 ||    18
Invok: Berserk           |     1 |     1 ||     2
Armor: Animal skin       |    10 |     6 ||    16
Dodge: Dodged            |    35 |    55 ||    90
